 Dungeon Crawl Stone Soup version 0.28-a0-983-g1de4e0787c (webtiles) character file.

Game seed: 3863220243528255609

3235 ytrimaz the Cleaver (level 10, -10/79 HPs)
             Began as a Formicid Fighter on Dec 2, 2021.
             Was an Initiate of Ru.
             Mangled by a yak (11 damage)
             ... on level 9 of the Dungeon.
             The game lasted 00:07:17 (8242 turns).

ytrimaz the Cleaver (Formicid Fighter)              Turns: 8242, Time: 00:07:18

Health: -10/79     AC: 11    Str: 25    XL:     10   Next: 18%
Magic:  0/10       EV: 10    Int:  8    God:    Ru [......]
Gold:   351        SH:  5    Dex: 10    Spells: 9/9 levels left

rFire   . . .      SeeInvis +   a - +1 war axe
rCold   . . .      Faith    .   c - +0 buckler
rNeg    . . .      Spirit   +   b - +0 scale mail
rPois   .          Reflect  .   (helmet unavailable)
rElec   .          Harm     .   (no cloak)
rCorr   .          Rampage  .   h - +1 pair of gloves
Will    +....                   l - +0 pair of boots
Stlth   ..........              g - amulet of guardian spirit
HPRegen 0.23/turn               (no ring)
MPRegen 0.12/turn               (no ring)

@: no status effects
A: permanent stasis, dig shafts and tunnels, antennae 3, four strong arms,
hooves 1
a: Dig, Shaft Self, Renounce Religion


You were on level 9 of the Dungeon.
You worshipped Ru.
Ru was noncommittal.
You visited 2 branches of the dungeon, and saw 11 of its levels.

You collected 351 gold pieces.

Inventory:

Hand Weapons
 a - a +1 war axe (weapon)
Armour
 b - a +0 scale mail (worn)
 c - a +0 buckler (worn)
 h - a +1 pair of gloves (worn)
 l - a +0 pair of boots (worn)
 n - a +0 kite shield
Jewellery
 g - an amulet of guardian spirit (around neck)
 q - an amulet of magic regeneration
Wands
 s - a wand of flame (24)
Scrolls
 e - 3 scrolls of enchant weapon
 i - a scroll of holy word
 k - 2 scrolls of amnesia
 r - 2 scrolls of fear
 t - a scroll of fog
Potions
 f - 5 potions of brilliance
 m - 2 potions of flight
 u - a potion of lignification


   Skills:
 + Level 7.1 Fighting
 + Level 9.7 Axes
 + Level 8.0 Armour
 * Level 6.5 Shields


You had 9 spell levels left.
You didn't know any spells.
Your spell library contained the following spells:

 Spells                   Type           Power      Damage    Failure   Level
 Animate Skeleton         Necr           0%         N/A       67%         1
 Pain                     Necr           0%         1d4       67%         1
 Ensorcelled Hibernation  Hex/Ice        0%         N/A       80%         2
 Spider Form              Tmut/Pois      0%         N/A       95%         3
 Vampiric Draining        Necr           0%         2d6       95%         3


Dungeon Overview and Level Annotations

Branches:
Dungeon (11/15)            Temple (1/1) D:5
   Lair: D:8-11         Orc: D:9-12

Altars:
Ashenzari
Cheibriados
Dithmenos
Elyvilon
Fedhas
Gozag
Hepliaklqana
Kikubaaqudgha
Makhleb
Nemelex Xobeh
Okawaru
Qazlal
Ru
Sif Muna
Trog
Uskayaw
Vehumet
Wu Jian
Xom
Zin
The Shining One

Shops:
D:9 (


Innate Abilities, Weirdness & Mutations

You cannot be hasted, slowed, berserked, paralysed or teleported.
You can dig through walls and to a lower floor.
You have a pair of large antennae on your head. (SInv)
Your four strong arms can wield two-handed weapons with a shield.
You have large cloven feet.


Message History

The yak is heavily wounded.
You slash the bullfrog!
The bullfrog hits you but does no damage.
The yak gores you but does no damage.
Unknown command.
You slice the yak!!
You kill the yak!
You hit the bullfrog.
The bullfrog hits you but does no damage. x2
Your Fighting skill increases to level 7!
Your Armour skill increases to level 8!
You barely miss the yak.
The yak is heavily wounded.
You hit the bullfrog. You block the bullfrog's attack.
Unknown command.
You hit the yak.
The yak is heavily wounded.
You slash the bullfrog!
You kill the bullfrog!
The yak barely misses you. You block the yak's attack.
You slash the yak!
The yak is severely wounded.
The yak closely misses you.
You barely miss the yak.
The yak is severely wounded.
The yak gores you!
* * * LOW HITPOINT WARNING * * *
You barely miss the yak.
The yak is severely wounded.
The yak gores you.
* * * LOW HITPOINT WARNING * * *
You hit the yak.
The yak is almost dead.
The yak gores you!
* * * LOW HITPOINT WARNING * * *
Unknown command.
You closely miss the yak.
The yak is almost dead.
The yak gores you!
You die...

...###############+#####
.......@Y.....?.........
.......#'#$..........##.
....... ∩#..#...........
....... ##..............
....... ................
....................†...
.............########'##
.............#..........
## ..........


You could see a yak.

Vanquished Creatures
  Joseph (D:7)
  Sigmund (D:2)
  A wyvern (D:10)
  2 yaks (D:9)
  A steam dragon (D:6)
  Duvessa (D:7)
  2 water moccasins
  3 sky beasts
  A black bear (D:5)
  3 ogres
  2 centaurs
  A kobold brigand (D:6)
  A bullfrog (D:9)
  A gnoll sergeant (D:10)
  3 scorpions
  Dowan (D:7)
  A wight (D:10)
  2 jellies (D:6)
  4 bullfrog skeletons
  A gnoll shaman (D:7)
  4 hounds
  A centaur skeleton (D:6)
  Jessica (D:3)
  An orc wizard (D:5)
  A hound skeleton (D:5)
  Robin (D:2)
  5 gnolls (D:7)
  9 adders
  A white imp (D:7)
  2 adder skeletons
  A worm (D:2)
  4 dart slugs
  15 orcs
  4 endoplasms
  4 giant cockroaches
  12 hobgoblins
  4 jackals
  10 kobolds
  5 quokkas
  6 ball pythons
  4 bats
  4 frilled lizards
  20 goblins
  2 rats
154 creatures vanquished.

Vanquished Creatures (others)
  35 plants (D:7)
35 creatures vanquished.

Grand Total: 189 creatures vanquished

Notes
Turn   | Place    | Note
-------+----------+-------------------------------------------
     0 | D:1      | ytrimaz the Formicid Fighter began the quest for the Orb.
     0 | D:1      | Reached XP level 1. HP: 18/18 MP: 1/1
   130 | D:1      | Reached XP level 2. HP: 15/24 MP: 2/2
   536 | D:1      | Reached XP level 3. HP: 26/29 MP: 3/3
   573 | D:1      | Found a faded altar of an unknown god.
  1236 | D:2      | Reached XP level 4. HP: 32/37 MP: 2/4
  1274 | D:2      | Found a stormy altar of Qazlal.
  1355 | D:2      | Noticed Robin
  1356 | D:2      | Noticed Sigmund
  1362 | D:2      | Killed Sigmund
  1363 | D:2      | Reached skill level 4 in Axes
  1363 | D:2      | Reached XP level 5. HP: 23/42 MP: 3/5
  1363 | D:2      | Reached XP level 6. HP: 26/48 MP: 3/6
  1367 | D:2      | Killed Robin
  2342 | D:3      | Found a sparkling altar of Nemelex Xobeh.
  2569 | D:3      | Noticed Jessica
  2579 | D:3      | Killed Jessica
  2858 | D:4      | Noticed a water moccasin
  2865 | D:4      | Killed a water moccasin
  2866 | D:4      | Reached skill level 5 in Axes
  2866 | D:4      | Reached XP level 7. HP: 33/55 MP: 5/7
  3782 | D:4      | Reached skill level 5 in Armour
  4164 | D:4      | Reached skill level 6 in Axes
  4164 | D:4      | Reached skill level 5 in Shields
  4385 | D:5      | Entered Level 5 of the Dungeon
  4447 | D:5      | Gained mutation: You sometimes lose the ability to read
                  | scrolls when taking damage. [potion of mutation]
  4447 | D:5      | Lost mutation: You sometimes lose the ability to read
                  | scrolls when taking damage. [potion of mutation]
  4447 | D:5      | Gained mutation: You have large cloven feet. [potion of
                  | mutation]
  4454 | D:5      | Reached skill level 5 in Fighting
  4454 | D:5      | Reached XP level 8. HP: 56/62 MP: 6/8
  4570 | D:5      | Found a staircase to the Ecumenical Temple.
  4620 | Temple   | Entered the Ecumenical Temple
  5302 | D:5      | Reached skill level 7 in Axes
  5859 | D:6      | Reached XP level 9. HP: 41/69 MP: 4/9
  6148 | D:6      | Reached skill level 8 in Axes
  6476 | D:6      | Found a burning altar of Makhleb.
  6665 | D:6      | Found a sacrificial altar of Ru.
  6668 | D:6      | Found a glowing silver altar of Zin.
  6673 | D:6      | Found a shadowy altar of Dithmenos.
  6673 | D:6      | Found a glowing golden altar of the Shining One.
  6673 | D:6      | Found a broken altar of Ashenzari.
  6673 | D:6      | Found a hide-covered altar of Uskayaw.
  6675 | D:6      | Found a snail-covered altar of Cheibriados.
  6677 | D:6      | Found a white marble altar of Elyvilon.
  6678 | D:6      | Found a stormy altar of Qazlal.
  6694 | D:6      | Became a worshipper of Ru the Awakened
  6942 | D:7      | Noticed Joseph
  6953 | D:7      | Found an iron altar of Okawaru.
  6967 | D:7      | HP: 1/69 [Joseph (10)]
  6969 | D:7      | Killed Joseph
  6996 | D:7      | Noticed Duvessa
  7282 | D:7      | Noticed Dowan
  7290 | D:7      | Killed Duvessa
  7291 | D:7      | Reached skill level 9 in Axes
  7306 | D:7      | Killed Dowan
  7620 | D:7      | You fall into a shaft and drop 3 floors!
  7620 | D:10     | Entered Level 10 of the Dungeon
  7794 | D:10     | Reached XP level 10. HP: 50/77 MP: 6/10
  7804 | D:10     | Noticed a centaur warrior
  7810 | D:10     | You fall into a shaft and drop 1 floor!
  8211 | D:9      | HP: 3/77 [yak (4)]
  8233 | D:9      | Found Kunennia's Weapon Boutique.
  8241 | D:9      | HP: 1/79 [yak (10)]
  8242 | D:9      | Mangled by a yak

Illustrated notes

Levels and vault maps discovered:
D:1:      lemuel_arrival_lava_pool, layout_loops_ring,
          shapermc_ecumenical_altar_venn
D:2:      layout_basic, basic_altar, uniq_sigmund, uniq_robin
D:3:      layout_loops_ring, nemelex_diamond_rough_becter, uniq_jessica
D:4:      layout_basic
D:5:      layout_basic, minmay_temple_entry_antechambers, minmay_ogre_servants
D:6:      nicolae_cairo_tiling_large_dashed, layout_rooms, lemuel_round_altar,
          minitemple
D:7:      layout_loops_corners, yredelemnul_forgotten_temple_becter,
          okawaru_ov_weapons_minmay, serial_bayou, serial_bayou_crossing,
          serial_bayou_ford_a, serial_bayou_shore_b, serial_bayou_lagoon_a,
          minivault_26, uniq_duvessa, uniq_joseph, uniq_pikel
D:9:      layout_stronghold, serial_shops, nicolae_shop_hallway_plus,
          kennysheep_mini, shop, nicolae_shop_hallway_stairs,
          nicolae_shop_stone, gammafunk_ghost_grave,
          hangedman_abyss_or_decor_clamps, columned_hall_lemuel,
          chequers_serial_rivers_micro_a
D:10:     layout_long_grid, lair_entry_dummy, erik_orc_2, serial_shops,
          nicolae_shop_advertising_works [nicolae_subvault_shop_adworks],
          hangedman_corner_corridor
D:11:     minmay_the_grid_four_pointed_star
          [minmay_the_grid_triangle_9x9_flanged_cone,
          minmay_the_grid_triangle_9x9_sparse_checkered,
          minmay_the_grid_triangle_9x9_steps,
          minmay_the_grid_triangle_9x9_swiss_cheese,
          minmay_the_grid_prize_diamond_cup], layout_rooms
Temple:   kb_temple_of_zot

Skill      XL: |  1  2  3  4  5  6  7  8  9 10 |
---------------+-------------------------------+-----
Shields        | 4 5 6 |  6.5
Armour         | 4 5 6 7 8 |  8.0
Fighting       | 4 5 6 7 |  7.1
Axes           | 4 5 6 7 9 |  9.7

Action                   |  1- 3 |  4- 6 |  7- 9 | 10-12 || total
-------------------------+-------+-------+-------+-------++-------
Melee: War axe           |    96 |    99 |   291 |    27 ||   513
 Abil: Shaft Self        |       |       |       |     1 ||     1
  Use: Scroll            |     4 |     3 |     9 |       ||    16
       Potion            |       |     4 |     7 |     2 ||    13
Armor: Scale mail        |    56 |    66 |   123 |    13 ||   258
Dodge: Dodged            |    43 |    49 |   128 |    22 ||   242
Block: Buckler           |    30 |    22 |    50 |     7 ||   109

Table legend: (Time is in decaauts)
 A = Elapsed time spent in this place.
 B = Non-inter-level travel time spent in this place.
 C = Inter-level travel time spent in this place.
 D = Time resting spent in this place.
 E = Time spent auto-exploring this place.
 F = Levels seen in this place.
 G = Mean time per level.
                   A        B        C        D        E       F      G
               +--------+--------+--------+--------+--------+-----+--------+
         Total |   8355 |   8177 |    178 |    937 |   5846 |  11 |  759.5 |
       Dungeon |   8121 |   7958 |    163 |    937 |   5637 |  10 |  812.1 |
        Temple |    233 |    218 |     15 |      0 |    209 |   1 |  233.0 |
               +--------+--------+--------+--------+--------+-----+--------+

Top non-repeatable levels by time:
     D:4: 1637 daAuts
     D:5: 1222 daAuts
     D:6: 1187 daAuts
     D:1: 1095 daAuts
     D:2: 936 daAuts
     D:3: 794 daAuts
     D:7: 623 daAuts
    D:11: 331 daAuts
    D:10: 237 daAuts
  Temple: 233 daAuts
     D:9: 53 daAuts
